 Dungeon Crawl Stone Soup version 0.31-a0-108-gdf935468f2 (webtiles) character file.

Game seed: 8369682522827483239

247461 HoaS the Marksdemigod (level 18, -1/170 HPs)
             Began as a Demigod Hunter on May 24, 2023.
             Killed by static electricity
             ... invoked by Vait Lei's ghost
              (15 damage)
             ... on level 2 of the Shoals on May 27, 2023.
             The game lasted 01:38:51 (32928 turns).

HoaS the Marksdemigod (Demigod Hunter)             Turns: 32928, Time: 01:38:53

Health: -1/170     AC: 22    Str: 12    XL:     18   Next: 15%
Magic:  21/21      EV: 48    Int: 11    God:
Gold:   3673       SH:  0    Dex: 50    Spells: 17/17 levels left

rFire   . . .        M - +3 longbow (flame)
rCold   . . .        (shield currently unavailable)
rNeg    . . .        p - +4 steam dragon scales
rPois   .            O - +2 helmet
rElec   .            v - +1 cloak
rCorr   .            q - +1 pair of gloves {Dex+3}
SInv    .            I - +1 pair of boots
Will    +....        (no amulet)
Stlth   ++++         R - +6 ring of dexterity
HPRegen 0.48/turn    e - +4 ring of protection
MPRegen 0.17/turn

%: no passive effects
@: studying Axes
A: high MP 1, forlorn, divine attributes
}: 2/15 runes: barnacled, gossamer
a: no special abilities


You were on level 2 of the Shoals.
You visited 5 branches of the dungeon, and saw 30 of its levels.
You also visited: Gauntlet, Ice Cave and Volcano.

You collected 3967 gold pieces.
You spent 294 gold pieces at shops.

Inventory:

Hand Weapons
 M - a +3 longbow of flaming (weapon)
Armour
 p - +4 steam dragon scales (worn)
 q - a +1 pair of gloves of dexterity (worn)
 s - the +6 plate armour of Eternity {Dex+3}
   (You found it on level 6 of the Dungeon)

   Dex:       It affects your dexterity (+3).
 v - a +1 cloak (worn)
 I - a +1 pair of boots (worn)
 O - a +2 helmet (worn)
Jewellery
 c - a +6 ring of intelligence
 e - a +4 ring of protection (right hand)
 i - a ring of protection from cold
 o - a ring of willpower
 u - a ring of resist corrosion
 B - the ring "Teishroto" {EV+5 SInv}
   (You took it off a kobold demonologist on level 9 of the Dungeon)

   [ring of evasion]

   EV:        It affects your evasion (+5).
   SInv:      It lets you see invisible.
 F - a ring of ice
 J - a ring of flight
 P - a ring of protection from fire
 R - a +6 ring of dexterity (left hand)
 S - a ring of fire
 T - a ring of protection from cold
 U - a ring of protection from fire
Wands
 h - a wand of light (28)
 n - a wand of digging (6)
 r - a wand of flame (68)
 y - a wand of iceblast (14)
 G - a wand of charming (4)
 H - a wand of mindburst (8)
 N - a wand of polymorph (13)
Scrolls
 a - 2 scrolls of butterflies
 b - 3 scrolls of immolation
 m - 6 scrolls of poison
 x - 4 scrolls of fear
 C - 2 scrolls of fog
 E - a scroll of magic mapping
 K - 3 scrolls of blinking
 L - a scroll of silence
 Q - 5 scrolls of teleportation
Potions
 d - 5 potions of ambrosia
 f - 4 potions of resistance
 g - 4 potions of enlightenment
 j - 2 potions of attraction
 k - 4 potions of mutation
 l - 16 potions of curing
 t - 3 potions of cancellation
 w - 3 potions of invisibility
 z - 2 potions of heal wounds
 A - a potion of lignification
 D - a potion of haste


   Skills:
 + Level 17.4 Fighting
 - Level 20.0 Ranged Weapons
 * Level 18.7 Dodging
 - Level 0.8 Stealth


You had 17 spell levels left.
You didn't know any spells.
Your spell library contained the following spells:

 Spells                   Type           Power      Damage    Failure   Level
 Apportation              Tloc           0%         N/A       34%         1
 Beastly Appendage        Tmut           0%         N/A       34%         1
 Kiss of Death            Conj/Necr      0%         2d5       34%         1
 Magic Dart               Conj           0%         1d3       34%         1
 Necrotise                Necr           0%         1d4       34%         1
 Summon Small Mammal      Summ           0%         N/A       34%         1
 Call Imp                 Summ           0%         N/A       47%         2
 Cigotuvi's Dreadful Rot  Necr/Pois/Air  0%         N/A       47%         2
 Wereblood                Tmut           0%         N/A       47%         2
 Confusing Touch          Hex            0%         N/A       71%         3
 Inner Flame              Hex/Fire       0%         N/A       71%         3
 Mephitic Cloud           Conj/Pois/Air  0%         N/A       71%         3
 Spider Form              Tmut/Pois      0%         N/A       71%         3
 Stone Arrow              Conj/Erth      0%         3d7       71%         3
 Vampiric Draining        Necr           0%         2d6       71%         3
 Volatile Blastmotes      Fire/Tloc      0%         2d10      71%         3
 Anguish                  Hex/Necr       0%         N/A       98%         4
 Animate Armour           Summ/Erth      0%         N/A       98%         4
 Cause Fear               Hex            0%         N/A       98%         4
 Dispel Undead            Necr           0%         3d6       98%         4
 Fulminant Prism          Conj/Hex       0%         3d5       98%         4
 Iskenderun's Mystic Bla  Conj/Tloc      0%         2d3       98%         4
 Olgreb's Toxic Radiance  Pois           0%         N/A       98%         4
 Passage of Golubria      Tloc           0%         N/A       98%         4
 Summon Lightning Spire   Summ/Air       0%         N/A       98%         4
 Agony                    Necr           0%         N/A       100%        5
 Alistair's Intoxication  Tmut/Pois      0%         N/A       100%        5
 Fireball                 Conj/Fire      0%         3d3       100%        5
 Irradiate                Conj/Tmut      0%         3d11      100%        5
 Iskenderun's Battlesphe  Conj           0%         2d6       100%        5
 Lee's Rapid Deconstruct  Erth           0%         3d4*      100%        5
 Silence                  Hex/Air        0%         N/A       100%        5
 Yara's Violent Unravell  Hex/Tmut       0%         3d3       100%        5
 Conjure Ball Lightning   Conj/Air       0%         3x3d6     100%        6
 Simulacrum               Ice/Necr       0%         N/A       100%        6
 Enfeeble                 Hex            0%         N/A       100%        7
 Orb of Destruction       Conj           0%         9d5       100%        7
 Ozocubu's Refrigeration  Ice            0%         4d7       100%        7
 Storm Form               Tmut/Air       0%         N/A       100%        7
 Discord                  Hex            0%         N/A       100%        8
 Ignition                 Fire           0%         3d3       100%        8
 Lehudib's Crystal Spear  Conj/Erth      0%         10d2      100%        8
 Maxwell's Capacitive Co  Air            0%         ∞         100%        8
 Polar Vortex             Ice            0%         N/A       100%        9


Dungeon Overview and Level Annotations

Branches:
Dungeon (15/15)            Temple (0/1) D:4            Lair (5/5) D:11
 Shoals (4/4) Lair:2       Spider (4/4) Lair:3        Slime (0/5) Lair:5
    Orc (2/2) D:12            Elf (0/3) Orc:2        Vaults (0/5) D:14
 Depths (0/4) D:15          IceCv (visited)         Volcano (visited)
Gauntlet (visited)

Shops:
Orc:2 (=*[   Shoals:1 [   Shoals:2 !

Annotations:
D:14 2 transporters, Jawn's ghost, journeyman GrEE
Shoals:1 3 runed translucent doors
Shoals:2 Vait Lei's ghost, adept GnAE


Innate Abilities, Weirdness & Mutations

You have an increased reservoir of magic. (+10% MP)
You shall have no god before yourself.
Your divine heritage dramatically boosts your attributes as you level up.


Message History

The arrow burns Pygol's ghost!
You destroy Pygol's ghost!
The ball lightning explodes!
The blast of lightning engulfs Vait Lei's ghost!
Vait Lei's ghost resists.
The blast of lightning engulfs the ball lightning.
The ball lightning completely resists.
The blast of lightning engulfs the ball lightning.
The ball lightning completely resists.
The blast of lightning engulfs you!!!
Vait Lei's ghost gestures at you while chanting.
The zap misses you.
The ball lightning explodes!
The blast of lightning engulfs the ball lightning.
The ball lightning completely resists.
The blast of lightning engulfs Vait Lei's ghost.
Vait Lei's ghost resists.
The blast of lightning engulfs you!!!
The ball lightning explodes!
The blast of lightning engulfs Vait Lei's ghost!
Vait Lei's ghost resists.
The blast of lightning engulfs you!!!
* * * LOW HITPOINT WARNING * * *
Vait Lei's ghost closely misses you.
You shoot an arrow.
The arrow barely misses Vait Lei's ghost.
Vait Lei's ghost mumbles some strange words.
You are struck by an arc of lightning.
* * * LOW HITPOINT WARNING * * *
Vait Lei's ghost is struck by an arc of lightning.
Vait Lei's ghost resists.
You are struck by an arc of lightning!
* * * LOW HITPOINT WARNING * * *
Vait Lei's ghost is struck by an arc of lightning!
Vait Lei's ghost resists.
You are struck by an arc of lightning.
* * * LOW HITPOINT WARNING * * *
Vait Lei's ghost is struck by an arc of lightning!
Vait Lei's ghost resists.
You are struck by an arc of lightning.
* * * LOW HITPOINT WARNING * * *
Vait Lei's ghost is struck by an arc of lightning!
Vait Lei's ghost resists.
You are struck by an arc of lightning!
* * * LOW HITPOINT WARNING * * *
Vait Lei's ghost is struck by an arc of lightning.
Vait Lei's ghost completely resists.
You are struck by an arc of lightning!
You die...

≈≈~PP....≈.#...~≈≈≈≈..~~.###..~.~
≈~P~~.~≈≈≈≈≈...~~~~~~)~~~..).~~~~
~~P.~~≈~≈≈≈≈..~~~.~~~~~~~...~~~~~
~~~P~~~~.≈≈≈~...~~~~≈≈≈~~~~~~~~~~
~P.~P~...≈≈≈.....~~≈≈≈~~~~~≈≈~..~
...P..............~~~~..~)≈≈≈~.~~
.......<..........~~...~~~≈≈≈~~~~
######....######..~~...~~≈≈≈≈≈~≈~
.....#...##?♣⌠♣#@~~.....~~~≈≈≈≈≈≈
.>.∩.#..##8....#W.......~~~...~≈≈
.....#..#?.....#........~.###..≈≈
######..#♣.....'..........# ##.~≈
........#⌠.....'......)...###..~≈
........#♣.....'=.........##...~~
........#......#.............~.~~
.......:##8..$.#........(....~~~~
...#.....##?♣⌠♣#.........##..~~~~


You could see Vait Lei's ghost.

Vanquished Creatures
  Nikola (Shoals:4)
  Arachne (Spider:2)
  A titan (Shoals:1)
  A kraken (Shoals:3)
  Gastronok (Lair:1)
  The ghost of Pygol the Tormented, an adept DDNe of Kikubaaqudgha (Shoals:2)
  Frances (D:14)
  Kirke (Spider:2)
  A rockslime (IceCv)
  3 azure jellies (IceCv)
  4 ghost moths (Spider:4)
  11 emperor scorpions
  The ghost of funkygono the Severer, a journeyman MiFi of Okawaru (Orc:2)
  An orc warlord (Orc:2)
  Aizul (Shoals:4)
  4 quicksilver oozes (IceCv)
  A broodmother (Spider:4)
  A stone giant (Shoals:1)
  Azrael (D:12)
  A spark wasp (Spider:4)
  8 merfolk impalers
  2 entropy weavers
  2 merfolk javelineers (Shoals:4)
  Josephine (Lair:5)
  Fannar (D:11)
  Harold (D:11)
  3 hydras
  3 merfolk avatars
  4 jorogumos
  A catoblepas (Lair:4)
  4 merfolk aquamancers
  10 two-headed ogres
  3 boulder beetles
  3 ogre magi
  5 centaur warriors
  4 death yaks (Lair:5)
  4 tengu warriors
  5 satyrs
  A vampire mage (D:15)
  7 death scarabs (Spider:4)
  5 orc high priests
  Urug (D:12)
  A hell knight (Volcano)
  3 skysharks
  14 spriggans (Lair:5)
  2 skeletal warriors
  12 orb spiders
  2 pharaoh ants
  8 sea snakes
  A storm dragon skeleton (D:15)
  An obsidian statue (D:14)
  2 steelbarb worms
  A broodmother zombie (Spider:4)
  Pikel (D:6)
  A spectral jorogumo (Spider:4)
  4 orc knights
  2 orange crystal statues (IceCv)
  14 harpies
  A necromancer (D:15)
  2 spectral wolf spiders (Spider:4)
  11 orc sorcerers
  14 wolf spiders
  9 ugly things
  3 deep elf pyromancers
  18 cyclopes
  An oklob plant (Lair:3)
  14 manticores
  4 moths of wrath
  30 fauns
  2 salamanders (Volcano)
  11 merfolk sirens
  2 stone giant skeletons (D:15)
  4 water nymphs
  8 black mambas
  11 elephants
  Maurice (Orc:2)
  3 torpor snails
  3 gargoyles
  4 molten gargoyles (Volcano)
  4 centaur skeletons (D:14)
  4 demonic crawlers
  Maggie (D:9)
  4 rime drakes
  Psyche (D:10)
  3 kobold demonologists
  A spectral redback (Spider:4)
  9 komodo dragons
  3 efreet
  2 redback zombies (Spider:4)
  15 cane toads
  The ghost of skufidon the Ruffian, an amateur TrFi (D:5)
  6 yaktaurs
  A queen bee (shapeshifter) (D:15)
  A guardian mummy (D:15)
  13 trolls
  6 meliai (Spider:2)
  25 merfolk
  6 spectral tarantellas (Spider:4)
  4 wind drakes
  4 spectral jumping spiders (Spider:4)
  23 tarantellas
  A spriggan zombie (D:15)
  Prince Ribbit (D:6)
  10 hornets
  A jumping spider zombie (Spider:4)
  7 polar bears
  21 blink frogs
  A spectral culicivora (Spider:4)
  The ghost of PostNTower the Insei, an amateur OpTm (D:4)
  4 dream sheep
  21 slime creatures
  6 snapping turtles
  17 jumping spiders
  Sigmund (D:6)
  26 culicivoras
  A spriggan (shapeshifter) (D:15)
  7 wraiths
  5 shadows
  A centaur simulacrum (D:15)
  25 yaks
  7 wyverns
  13 water elementals
  3 hogs (Spider:2)
  Eustachio (D:4)
  4 fire elementals (D:12)
  4 basilisks
  43 redbacks
  Menkaure (D:6)
  3 wargs
  11 vampire mosquitoes
  2 acid dragons
  A hell hound (D:12)
  15 water moccasins
  38 orc warriors
  7 ice beasts (D:10)
  7 black bears
  2 great orb of eyes simulacra (IceCv)
  3 boggarts (Lair:5)
  37 wolves
  4 slime creature simulacra (IceCv)
  14 centaurs
  14 ogres
  A phantom (D:5)
  4 kobold brigands
  2 lemures (D:6)
  Blork the orc (D:6)
  16 bullfrogs
  3 gnoll sergeants
  A wyvern zombie (D:4)
  2 glowing shapeshifter simulacra (IceCv)
  5 scorpions
  8 wights
  17 killer bees
  6 electric eels
  3 howler monkeys
  A centaur zombie (D:4)
  4 hounds
  2 jellies
  20 orc priests
  Crazy Yiuf (D:6)
  A scorpion zombie (D:3)
  2 sleepcaps
  3 iguanas
  25 orc wizards
  A hound skeleton (D:3)
  10 adders
  11 gnolls
  4 white imps
  3 adder skeletons (D:3)
  A worm (D:5)
  3 dart slugs
  64 orcs
  8 bats
  5 endoplasms
  6 giant cockroaches
  7 goblins
  4 hobgoblins
  2 jackals (D:2)
  6 quokkas
  6 ball pythons
  4 frilled lizards
  21 kobolds
  A quokka skeleton (D:3)
  2 quokka zombies (D:3)
  6 rats
  2 tentacles (Shoals:3)
1174 creatures vanquished.

Vanquished Creatures (others)
  A human (Spider:3)
  2 wights (D:8)
  An orc wizard (Orc:2)
  3 ball lightnings (Shoals:2)
  8 tentacles (Shoals:3)
15 creatures vanquished.

Grand Total: 1189 creatures vanquished

Notes
Turn   | Place    | Note
-------+----------+-------------------------------------------
     0 | D:1      | HoaS the Demigod Hunter began the quest for the Orb.
     0 | D:1      | Reached XP level 1. HP: 17/17 MP: 3/3
   137 | D:1      | Reached skill level 4 in Ranged Weapons
   254 | D:1      | Reached XP level 2. HP: 24/24 MP: 4/4
  1074 | D:2      | Reached XP level 3. HP: 27/29 MP: 5/5
  1764 | D:2      | Reached skill level 5 in Ranged Weapons
  1791 | D:3      | Reached XP level 4. HP: 33/36 MP: 6/6
  1913 | D:3      | Reached skill level 6 in Ranged Weapons
  1913 | D:3      | Reached XP level 5. HP: 41/41 MP: 7/7
  2367 | D:4      | Found a runed translucent gate.
  2368 | D:4      | Found a runed translucent gate.
  2370 | D:4      | Found a runed translucent gate.
  2372 | D:4      | Noticed PostNTower's ghost (amateur OpTm)
  2549 | D:4      | Found a staircase to the Ecumenical Temple.
  2626 | D:4      | Identified the +2 leather armour of Moral Flaws {Harm rElec
                  | rPois SInv}
  2835 | D:4      | Noticed Eustachio
  3039 | D:5      | Entered Level 5 of the Dungeon
  3083 | D:5      | Noticed an ogre
  3114 | D:5      | Reached XP level 6. HP: 48/48 MP: 8/8
  3173 | D:5      | Reached skill level 7 in Ranged Weapons
  3484 | D:5      | Reached skill level 8 in Ranged Weapons
  3488 | D:5      | Reached XP level 7. HP: 48/53 MP: 9/9
  3525 | D:5      | Got the Treatise on Ectoplasm
  3777 | D:5      | Found a runed translucent door.
  3777 | D:5      | Noticed skufidon's ghost (amateur TrFi)
  3912 | D:4      | Killed Eustachio
  3913 | D:4      | Reached skill level 9 in Ranged Weapons
  4341 | D:6      | Identified the +6 plate armour of Eternity {Dex+3}
  4378 | D:6      | Noticed Blork the orc
  4384 | D:6      | Killed Blork the orc
  4385 | D:6      | Reached XP level 8. HP: 60/60 MP: 10/10
  4404 | D:6      | Reached skill level 10 in Ranged Weapons
  4457 | D:6      | Noticed Prince Ribbit
  4461 | D:6      | Killed Prince Ribbit
  4659 | D:6      | Noticed Sigmund
  4665 | D:6      | Killed Sigmund
  4666 | D:6      | Reached skill level 11 in Ranged Weapons
  4768 | D:6      | Found a runed translucent door.
  4769 | D:6      | Noticed Crazy Yiuf
  4857 | D:6      | Noticed Pikel
  4860 | D:6      | Killed Pikel
  4892 | D:6      | Noticed Menkaure
  4897 | D:6      | Killed Menkaure
  4898 | D:6      | Reached skill level 12 in Ranged Weapons
  4898 | D:6      | Reached XP level 9. HP: 67/67 MP: 11/11
  5010 | D:6      | Killed Crazy Yiuf
  5108 | D:4      | Killed PostNTower's ghost
  5280 | D:5      | Killed skufidon's ghost
  5752 | D:7      | Reached skill level 13 in Ranged Weapons
  6030 | D:7      | You fall into a shaft and drop 3 floors!
  6030 | D:10     | Entered Level 10 of the Dungeon
  6326 | D:8      | Reached skill level 14 in Ranged Weapons
  6440 | D:8      | Reached XP level 10. HP: 65/73 MP: 13/13
  7091 | D:9      | Noticed Maggie
  7106 | D:9      | Killed Maggie
  7400 | D:9      | Identified a scroll of acquirement
  7400 | D:9      | Acquired a +0 pair of gloves of dexterity
  7827 | D:9      | Reached skill level 15 in Ranged Weapons
  7840 | D:9      | Found the +2 shield of Resistance {rF++ rC++ Will++}
  7843 | D:9      | Noticed a two-headed ogre
  7846 | D:9      | Paralysed by a hornet for 2 turns
  7960 | D:9      | Noticed a two-headed ogre
  7968 | D:9      | Killed a two-headed ogre
  7976 | D:9      | Identified the ring "Teishroto" {EV+5 SInv}
  8054 | D:9      | Noticed a cyclops
  8057 | D:9      | Killed a cyclops
  8128 | D:9      | Identified the staff of conjuration "Filuff" {Fragile Int+4
                  | SInv}
  8141 | D:9      | Noticed a cyclops
  8143 | D:9      | Noticed a centaur warrior
  8168 | D:9      | Killed a centaur warrior
  8169 | D:9      | Reached skill level 16 in Ranged Weapons
  8169 | D:9      | Reached XP level 11. HP: 30/81 MP: 14/14
  8433 | D:9      | Killed a two-headed ogre
  8548 | D:10     | Reached skill level 5 in Dodging
  8830 | D:10     | Noticed Psyche
  8833 | D:10     | Killed Psyche
  9231 | D:11     | Found a gate leading to a gauntlet.
  9238 | Gauntlet | Entered a Gauntlet
  9238 | Gauntlet | Noticed a ghost crab
  9238 | Gauntlet | Found a transporter.
  9238 | Gauntlet | Found a transporter.
  9239 | Gauntlet | Found a transporter.
  9242 | Gauntlet | Found a transporter.
  9242 | Gauntlet | Found a transporter.
  9252 | Gauntlet | Found a transporter.
  9252 | Gauntlet | Noticed a quicksilver ooze
  9256 | Gauntlet | Noticed a necromancer
  9320 | Gauntlet | Found a transporter.
  9331 | Gauntlet | Noticed a wizard
  9333 | Gauntlet | Found a transporter.
  9347 | Gauntlet | Found a transporter.
  9354 | Gauntlet | Noticed a catoblepas
  9357 | Gauntlet | Found a transporter.
  9372 | Gauntlet | Found a transporter.
  9378 | Gauntlet | Found a transporter.
  9541 | D:11     | Found a staircase to the Lair.
  9566 | D:11     | Reached skill level 5 in Fighting
  9946 | D:11     | Noticed Fannar
  9966 | D:11     | Killed Fannar
 10028 | D:11     | Noticed a two-headed ogre
 10033 | D:11     | Killed a two-headed ogre
 10101 | D:11     | Reached XP level 12. HP: 92/96 MP: 15/15
 10234 | D:11     | Noticed Harold
 10241 | D:11     | Killed Harold
 10422 | Lair:1   | Entered Level 1 of the Lair of Beasts
 10575 | Lair:1   | Noticed Gastronok
 10586 | Lair:1   | Killed Gastronok
 10956 | Lair:1   | Reached skill level 10 in Dodging
 11534 | Lair:2   | Found a staircase to the Shoals.
 12322 | Lair:3   | Found a hole to the Spider Nest.
 12531 | Lair:3   | Upgraded the game from 0.31-a0-83-gbff143cfd1 to
                  | 0.31-a0-102-g33a4ccc0cb
 13204 | Lair:4   | Noticed a seven-headed hydra
 13212 | Lair:4   | Killed a seven-headed hydra
 13213 | Lair:4   | Reached XP level 13. HP: 108/108 MP: 16/16
 14271 | Lair:5   | Entered Level 5 of the Lair of Beasts
 14425 | Lair:5   | Noticed Josephine
 14454 | Lair:5   | Killed Josephine
 14455 | Lair:5   | Reached skill level 10 in Fighting
 15064 | Lair:5   | Reached XP level 14. HP: 97/122 MP: 17/17
 15319 | Lair:5   | Identified the staff of air "Yneviwyl" {rElec Int+2}
 15469 | Lair:5   | Found a staircase to the Slime Pits.
 16297 | D:12     | Noticed Urug
 16302 | D:12     | Killed Urug
 16375 | D:12     | Noticed Azrael
 16384 | D:12     | Reached skill level 15 in Dodging
 16392 | D:12     | Killed Azrael
 17002 | D:12     | Noticed a sphinx
 17213 | D:12     | Found a staircase to the Orcish Mines.
 17537 | Orc:1    | Entered Level 1 of the Orcish Mines
 17649 | Orc:2    | Entered Level 2 of the Orcish Mines
 17817 | Orc:2    | Paralysed by an orc sorcerer for 3 turns
 18091 | Orc:2    | Found a staircase to the Elven Halls.
 18099 | Orc:2    | Found a dark tunnel.
 18106 | Volcano  | Entered a volcano
 18352 | Volcano  | Noticed an orb of fire
 18380 | Volcano  | Noticed an orb of fire
 18583 | Orc:2    | Found Puecis's General Store.
 18598 | Orc:2    | Paralysed by an orc sorcerer for 3 turns
 18610 | Orc:2    | Found Xeacoci's Antique Armour Shop.
 18850 | Orc:2    | Noticed an orc warlord
 18896 | Orc:2    | Killed an orc warlord
 19064 | Orc:2    | Found a runed translucent gate.
 19064 | Orc:2    | Found a runed translucent gate.
 19064 | Orc:2    | Found a runed translucent gate.
 19067 | Orc:2    | Noticed funkygono's ghost (journeyman MiFi)
 19071 | Orc:2    | Found Misorr's Antique Weapon Emporium.
 19391 | Orc:2    | Found Mutas Fipt's Jewellery Shoppe.
 19393 | Orc:2    | Noticed Maurice
 19413 | Orc:2    | Killed Maurice
 19717 | Orc:1    | Reached XP level 15. HP: 109/135 MP: 18/18
 20011 | Orc:2    | Killed funkygono's ghost
 20196 | Orc:2    | Got the Compendium of Bolts
 20824 | D:14     | Found a transporter.
 20828 | D:14     | Noticed Jawn's ghost (journeyman GrEE)
 20845 | D:14     | Found a transporter.
 21150 | D:14     | Noticed Frances
 21406 | D:14     | Killed Frances
 21638 | D:14     | Paralysed by an ogre mage for 3 turns
 21673 | D:14     | Found a gate to the Vaults.
 21971 | D:15     | Entered Level 15 of the Dungeon
 22027 | D:15     | Reached skill level 15 in Fighting
 22222 | D:15     | Identified the +4 hand axe of Action {pain, rF+ rN+ Dex+4}
 22427 | D:15     | Found a staircase to the Depths.
 23242 | Spider:1 | Entered Level 1 of the Spider Nest
 25043 | Spider:3 | Reached XP level 16. HP: 151/151 MP: 19/19
 25077 | Spider:3 | Reached skill level 17 in Ranged Weapons
 25149 | Spider:3 | Noticed Arachne
 25199 | Spider:2 | HP: 7/151 [poisoned by an emperor scorpion]
 25204 | Spider:2 | HP: 4/151 [poisoned by an emperor scorpion]
 25209 | Spider:2 | HP: 3/151 [poisoned by an emperor scorpion]
 25566 | Spider:2 | Killed Arachne
 25761 | Spider:3 | Noticed Kirke
 25883 | Spider:2 | Killed Kirke
 26553 | Spider:3 | Reached skill level 18 in Ranged Weapons
 26985 | Spider:4 | Entered Level 4 of the Spider Nest
 27654 | Spider:4 | Identified the +10 lajatang "Killer Bee's Curse"
                  | {antimagic, Str+5}
 27717 | Spider:4 | Reached skill level 19 in Ranged Weapons
 28591 | Spider:4 | Reached skill level 20 in Ranged Weapons
 28611 | Spider:4 | Identified the -2 pair of gloves of Midwinter {Str+3
                  | Stlth+}
 28620 | Spider:4 | Got a gossamer rune of Zot
 28856 | Shoals:1 | Entered Level 1 of the Shoals
 28914 | Shoals:1 | Reached XP level 17. HP: 158/158 MP: 20/20
 29213 | Shoals:1 | Found a runed translucent gate.
 29214 | Shoals:1 | Found a runed translucent gate.
 29215 | Shoals:1 | Found a runed translucent gate.
 29307 | Shoals:1 | Noticed a titan
 29332 | Shoals:1 | Killed a titan
 29547 | Shoals:1 | Found Wuwkuwou's Antique Armour Shoppe.
 29558 | Shoals:1 | Bought a jewelled cloak for 294 gold pieces
 29558 | Shoals:1 | Identified the +0 cloak "Muontaze" {Harm +Blink} (You
                  | bought it in a shop on level 1 of the Shoals)
 29872 | Shoals:2 | Upgraded the game from 0.31-a0-102-g33a4ccc0cb to
                  | 0.31-a0-108-gdf935468f2
 29974 | Shoals:2 | Found a runed translucent gate.
 29974 | Shoals:2 | Found a runed translucent gate.
 29974 | Shoals:2 | Found a runed translucent gate.
 29980 | Shoals:2 | Found Xuapimat's Distillery.
 29987 | Shoals:2 | Found a frozen archway.
 29996 | IceCv    | Entered an ice cave
 30882 | Shoals:2 | Noticed Vait Lei's ghost (adept GnAE)
 30882 | Shoals:2 | Noticed Pygol's ghost (adept DDNe)
 31907 | Shoals:4 | Entered Level 4 of the Shoals
 32379 | Shoals:4 | Noticed Aizul
 32381 | Shoals:4 | Noticed Nikola
 32386 | Shoals:4 | Killed Aizul
 32395 | Shoals:4 | Killed Nikola
 32453 | Shoals:4 | Reached XP level 18. HP: 169/170 MP: 21/21
 32723 | Shoals:4 | Got a barnacled rune of Zot
 32923 | Shoals:2 | Killed Pygol's ghost
 32928 | Shoals:2 | Killed from afar by Vait Lei's ghost

Illustrated notes

Levels and vault maps discovered:
D:1:      minmay_arrival_nine_rooms, layout_basic,
          ebering_ecumenical_altar_rust, chequers_serial_rivers_room_b
D:2:      layout_loops_corners, basic_altar
D:3:      layout_rooms, serial_undead, serial_undead_a, serial_undead_a,
          serial_undead_d, serial_undead_e, serial_undead_f, serial_undead_d,
          serial_undead_b
D:4:      layout_basic, minmay_temple_entry_grid, gammafunk_ghost_necromancy,
          uniq_eustachio
D:5:      layout_basic, gammafunk_ghost_grave
D:6:      layout_loops_cross, uniq_menkaure, uniq_crazy_yiuf_cottage,
          uniq_sigmund, uniq_prince_ribbit1, uniq_pikel, uniq_blork_the_orc
D:7:      layout_rooms, mainiacjoe_overflow_chevrons
D:8:      layout_loops_ring
D:9:      minmay_the_grid_octo_triangle [minmay_the_grid_octo_checkered,
          minmay_the_grid_octo_prize_star, minmay_the_grid_octo_thin_diamonds],
          layout_loops_ring, dreamdust_mushroom_princess, uniq_maggie
D:10:     minmay_twisted_water, layout_loops_ring, nicolae_two_hexagons,
          uniq_psyche
D:11:     wad_crossroads, layout_rooms, due_lair_maze_entry_diamond,
          gauntlet_entry_generic, trog_hazing_becter, uniq_fannar, uniq_harold
D:12:     minmay_opposing_rooms, layout_loops_ring, david_orc_5,
          onia_ninara_dug_in_and_dangerous, uniq_urug, uniq_azrael
D:13:     layout_roguey
D:14:     layout_roguey, hangedman_vaults_entry_quadrant_bands,
          amethyst_killhole, gammafunk_ghost_berserking_beasts, minivault_16,
          xom_shifter_show, uniq_frances
D:15:     gammafunk_depths_entry_grave, layout_basic,
          nicolae_vehumet_altar_sigil
Lair:1:   layout_regular_city, beast_lair_carwin_11, grunt_megastairs_4,
          serial_bayou_shore_a, uniq_gastronok
Lair:2:   layout_chaotic_city, elwin_shoals_entry_rocks,
          grunt_forest_small_clearings
Lair:3:   layout_roguey, nicolae_spider_entry_tight_spaces
Lair:4:   layout_layer_cave, grunt_megastairs_3, lemuel_fruit_tree
Lair:5:   minmay_lair_end_enchanted_forest, layout_regular_city,
          dpeg_slime_entry_corner, grunt_megastairs_5,
          infiniplex_staircase_pool, uniq_josephine
Shoals:1: cheibrodos_shoals_gigantism, layout_shoals, serial_shops, shop,
          nicolae_shoals_beach_cooler
Shoals:2: layout_shoals, gammafunk_ghost_cemetery,
          portal_ice_cave_entry_pillars_2, serial_shops, nicolae_take_the_stairs
Shoals:3: layout_shoals
Shoals:4: shoals_end_grunt_garden, layout_shoals, uniq_aizul, uniq_nikola
Spider:1: layout_chambers
Spider:2: layout_spider_delve, nicolae_spider_checkerboard
Spider:3: layout_spider_delve, nicolae_spider_scorpion_nest,
          hangedman_spider_tarantella_strand, uniq_arachne, uniq_kirke
Spider:4: floodkiller_spider_rune_tomb, nicolae_orb_island
Orc:1:    layout_diamond_mine
Orc:2:    grunt_orc_gardens, layout_caves, grunt_orc_garden, grunt_orc_garden,
          grunt_orc_garden, grunt_orc_garden, gammafunk_ghost_split,
          enter_volcano_2, uniq_maurice

Skill      XL: |  1  2  3  4  5  6  7  8  9 10 11 12 13 14 15 16 17 |
---------------+----------------------------------------------------+-----
Ranged Weapons | 4 5 6 8 9 12 14 16 20 | 20.0
Fighting       | 2 6 8 10 13 16 17 | 17.4
Dodging        | 3 8 11 14 16 18 | 18.7
Stealth        | |  0.8

Action                     |  1- 3 |  4- 6 |  7- 9 | 10-12 | 13-15 | 16-18 || total
---------------------------+-------+-------+-------+-------+-------+-------++-------
  Melee: Unarmed           |       |       |       |       |       |     3 ||     3
         Longbow           |       |       |       |       |       |     1 ||     1
   Fire: Shortbow          |   122 |   161 |   320 |    86 |       |       ||   689
         Orcbow            |       |       |       |   562 |  1402 |    34 ||  1998
         Longbow           |       |       |       |       |       |  1225 ||  1225
    Use: Scroll            |     6 |     4 |     7 |    15 |    10 |     4 ||    46
         Potion            |       |       |       |     1 |     2 |     5 ||     8
 Armour: Leather armour    |    18 |    40 |    45 |     5 |       |       ||   108
         Steam dragon scal |       |       |       |    79 |   112 |    86 ||   277
  Dodge: Dodged            |    48 |    38 |    59 |   354 |  1058 |   997 ||  2554

Table legend: (Time is in decaauts)
 A = Elapsed time spent in this place.
 B = Non-inter-level travel time spent in this place.
 C = Inter-level travel time spent in this place.
 D = Time resting spent in this place.
 E = Time spent auto-exploring this place.
 F = Levels seen in this place.
 G = Mean time per level.
                   A        B        C        D        E       F      G
               +--------+--------+--------+--------+--------+-----+--------+
         Total |  33064 |  30890 |   2174 |   5133 |  19275 |  33 | 1001.9 |
       Dungeon |  14441 |  13546 |    895 |   2094 |   8857 |  15 |  962.7 |
          Lair |   6017 |   5314 |    703 |    497 |   3790 |   5 | 1203.4 |
        Shoals |   3521 |   3344 |    177 |    329 |   2261 |   4 |  880.2 |
   Spider Nest |   5483 |   5245 |    238 |   1270 |   3042 |   4 | 1370.8 |
  Orcish Mines |   2285 |   2125 |    160 |    775 |    801 |   2 | 1142.5 |
      Ice Cave |    587 |    587 |      0 |     64 |    188 |   1 |  587.0 |
       Volcano |    449 |    449 |      0 |    102 |    172 |   1 |  449.0 |
      Gauntlet |    276 |    276 |      0 |      0 |    163 |   1 |  276.0 |
               +--------+--------+--------+--------+--------+-----+--------+

Top non-repeatable levels by time:
Spider:4: 1711 daAuts
  Lair:5: 1577 daAuts
     D:9: 1538 daAuts
    D:12: 1403 daAuts
   Orc:2: 1386 daAuts
Spider:1: 1299 daAuts
  Lair:4: 1254 daAuts
     D:4: 1241 daAuts
Spider:2: 1236 daAuts
Spider:3: 1236 daAuts
  Lair:1: 1217 daAuts
    D:14: 1185 daAuts
  Lair:3: 1138 daAuts
     D:5: 1079 daAuts
    D:15: 1076 daAuts
